AoeStats
← _vishi_

African Clearing

504513531Analyzed
4v4 RM · 28d ago on Sep 5, 2026· 32m 58s· 8 players
Game mode
Random Map
Map size
Large (8 player)
Population
200
Speed
Normal
Resources
Standard
Victory
Conquest
Starting age
Dark Age
Ending age
Imperial Age
RankedLock teamsTeams togetherTeam positionsShared explorationLock speedFull tech treeHidden civsTurbo modeCheats
Victory
Defeat
🇫🇷 Chinese · France
1465
+15
🇩🇪 Spanish · Germany
1460
+15
🇮🇳 Vietnamese · India
1414
+17
🇩🇪 Georgians · Germany
1398
+19
🇨🇴 Khmer · Colombia
1457
-16
🇦🇷 Japanese · Argentina
1451
-17
🇬🇧 Jurchens · United Kingdom
1449
-17
🇲🇽 Shu · Mexico
1422
-16
RKs Raggz
12:41 Loom
14:27 Feudal Age
16:30 Double-Bit Axe
18:46 Castle Age
18:58 Padded Archer Armor
20:08 Scale Mail Armor
20:19 Forging
24:09 Chain Mail Armor
26:56 Squires
milopokerboy
13:29 Feudal Age
13:11 Loom
17:27 Castle Age
15:15 Double-Bit Axe
15:52 Horse Collar
18:43 Bow Saw
24:18 Scale Mail Armor
25:37 Wheelbarrow
26:06 Chain Mail Armor
26:20 Squires
27:48 Forging
29:36 Iron Casting
30:20 Siege Engineers
30:54 Arson
31:32 Hand Cart
31:56 Town Watch
31:37 Pikeman
[GDL] turbojj
6:37 Loom
12:48 Feudal Age
16:03 Castle Age
14:49 Double-Bit Axe
18:01 Bow Saw
18:24 Horse Collar
20:04 Heavy Plow
31:02 Fletching
30:52 Crossbowman
31:33 Padded Archer Armor
ZoonFAunlimónki
13:19 Feudal Age
11:35 Loom
20:18 Castle Age
19:11 Fletching
19:54 Scale Mail Armor
19:58 Gold Mining
19:59 Stone Mining
20:49 Double-Bit Axe
22:36 Bow Saw
26:18 Town Watch
27:01 Murder Holes
malathrock
3:06 Loom
14:12 Feudal Age
15:20 Double-Bit Axe
18:17 Castle Age
16:06 Horse Collar
19:16 Bow Saw
19:34 Heavy Plow
21:47 Wheelbarrow
25:22 Gold Mining
27:06 Gold Shaft Mining
26:24 Stone Mining
28:37 Hand Cart
31:41 Imperial Age
29:16 Crossbowman
29:50 Fletching
30:24 Ballistics
30:58 Stone Shaft Mining
30:53 Thumb Ring
30:54 Bodkin Arrow
31:00 Padded Archer Armor
31:13 Town Watch
32:15 Town Patrol
31:48 Arbalester
32:29 Bracer
32:52 Conscription
34:04 Chemistry
AOE2.GG | MattWithAHat
3:38 Loom
12:29 Feudal Age
13:17 Double-Bit Axe
14:01 Town Watch
19:03 Castle Age
20:47 Bow Saw
22:01 Fletching
25:10 Horse Collar
Sir Hans Capon
6:44 Loom
15:15 Feudal Age
18:56 Castle Age
17:35 Fishing Lines
19:16 Double-Bit Axe
19:48 Town Watch
20:32 Fishing Lines
21:09 Gillnets
22:19 Bow Saw
22:03 Gold Mining
23:04 Scale Barding Armor
23:05 Stone Mining
24:31 Chain Barding Armor
25:27 Forging
26:33 Bloodlines
27:29 Wheelbarrow
34:24 Imperial Age
32:27 Horse Collar
_vishi_
8:03 Loom
12:35 Feudal Age
17:42 Castle Age
16:03 Double-Bit Axe
Connection lost

Rejoining the realm…

Still unreachable

The connection could not be restored.

Session expired

The server has moved on; the page needs a fresh start.